[Event "Team 45 45 League T96"]
[Site "Internet Chess Club"]
[Date "2023.06.02"]
[Round "4"]
[White "Alec-hine"]
[Black "Packerfan"]
[Result "1-0"]
[WhiteElo "1893"]
[BlackElo "1676"]
[Opening "QGD Slav: exchange variation"]
[ECO "D13"]
[Time "17:00:20"]
[PlyCount "77"]
[TimeControl "2700+45"]

1. d4 d5 2. c4 c6 3. cxd5 cxd5 4. Nf3 Nf6 5. Nc3 Nc6 6. Bf4 e6 7. e3 a6 8. Bd3
Be7 9. O-O Nh5 10. Bg3 Nxg3 11. hxg3 O-O 12. Rc1 f5 13. Na4 Bd7 14. Nc5 b5 15.
Nxe6 Bxe6 16. Rxc6 Bd7 17. Rc2 Rc8 18. Qd2 g6 19. Rfc1 Rxc2 20. Rxc2 Bd6 21. Ne5
Qe7 22. Nxd7 Qxd7 23. Qc3 Rf6 24. Be2 Kf7 25. Bf3 Be7 26. Qb3 Rd6 27. Rc5 Ke6
28. g4 Bd8 29. gxf5+ gxf5 30. e4 Bb6 31. exd5+ Kf6 32. Rc2 Bxd4 33. Qd3 Be5 34.
Re2 Re6 35. Qd2 Re7 36. Qh6+ Kf7 37. Rxe5 Rxe5 38. Qxh7+ Ke8 39. Qh8+ {Black
resigns} 1-0

[Event "Team 45 45 League T96"]
[Site "Internet Chess Club"]
[Date "2023.06.02"]
[Round "4"]
[White "justice02"]
[Black "timcent"]
[Result "0-1"]
[WhiteElo "1721"]
[BlackElo "1893"]
[Opening "Sicilian defense"]
[ECO "B30"]
[Time "20:30:12"]
[PlyCount "86"]
[TimeControl "2700+45"]

1. e4 c5 2. Nf3 Nc6 3. Nc3 e5 4. a3 d6 5. Nd5 Nf6 6. Nxf6+ Qxf6 7. c3 Be7 8. d3
h6 9. Be2 O-O 10. O-O Be6 11. Be3 d5 12. exd5 Bxd5 13. c4 Be6 14. Nd2 Bf5 15.
Nb3 b6 16. Bf3 Rac8 17. Be4 Rfd8 18. Qe2 Bxe4 19. dxe4 Qe6 20. Rad1 Nd4 21. Bxd4
cxd4 22. Nd2 Bg5 23. b3 b5 24. Nf3 bxc4 25. Nxg5 hxg5 26. bxc4 Rxc4 27. Rc1 d3
28. Qe3 d2 29. Rcd1 Rcd4 30. Qxg5 f6 31. Qe3 Qa6 32. Qb3+ Kf8 33. f3 Qd6 34. Rf2
a5 35. Qc3 a4 36. Kh1 Rd3 37. Qc2 Qxa3 38. h3 Qb4 39. Rff1 Rc3 40. Qa2 Qc4 41.
Qxc4 Rxc4 42. Ra1 a3 43. Ra2 d1=Q {White resigns} 0-1

[Event "Team 45 45 League T96"]
[Site "Internet Chess Club"]
[Date "2023.06.02"]
[Round "4"]
[White "mnpaulson"]
[Black "ivanson"]
[Result "0-1"]
[WhiteElo "1503"]
[BlackElo "1600"]
[Opening "King's Indian: Sämisch, 5...O-O"]
[ECO "E81"]
[Time "15:00:19"]
[PlyCount "61"]
[TimeControl "2700+45"]

1. d4 Nf6 2. c4 g6 3. Nc3 Bg7 4. f3 d6 5. e4 O-O 6. Nge2 c5 7. Be3 Nc6 8. d5 Ne5
9. Ng3 e6 10. Qd2 exd5 11. cxd5 a6 12. a4 Bd7 13. Be2 b5 14. axb5 axb5 15. O-O
Qb6 16. b4 Qc7 17. bxc5 b4 18. Na2 dxc5 19. Rfc1 c4 20. Nxb4 Rfb8 21. Na6 Rxa6
22. Rxa6 Bb5 23. Ra3 Bf8 24. Ra7 Qc8 25. f4 Neg4 26. Bd4 c3 27. Bxc3 Bc5+ 28.
Kf1 Bxa7 29. Bxb5 Rxb5 30. Bxf6 Qa6 31. Rc6 {White resigns} 0-1

[Event "Team 45 45 League T96"]
[Site "Internet Chess Club"]
[Date "2023.05.31"]
[Round "4"]
[White "RD1974"]
[Black "seattleblues"]
[Result "1-0"]
[WhiteElo "1632"]
[BlackElo "1250"]
[Opening "QGD Slav: 3.Nf3"]
[ECO "D11"]
[Time "18:00:26"]
[PlyCount "69"]
[TimeControl "2700+45"]

1. d4 d5 2. c4 c6 3. Nf3 Nf6 4. g3 Bf5 5. Bg2 e6 6. Nc3 dxc4 7. Ne5 Nbd7 8. Nxc4
Bb4 9. O-O O-O 10. a3 Be7 11. Bf4 Nd5 12. Bd6 N7b6 13. Bxe7 Qxe7 14. Ne5 Rac8
15. Rc1 Nxc3 16. bxc3 h6 17. e4 Bh7 18. Re1 a6 19. a4 Rfd8 20. a5 Na8 21. Nc4 c5
22. d5 Qf8 23. d6 Rd7 24. e5 f6 25. f4 fxe5 26. fxe5 Qd8 27. Bh3 Qe8 28. Ne3 b5
29. c4 b4 30. Nd5 exd5 31. Qxd5+ Rf7 32. d7 Qxd7 33. Bxd7 Rd8 34. e6 Rf5 35. e7+
{Black resigns} 1-0

[Event "Team 45 45 League T96"]
[Site "Internet Chess Club"]
[Date "2023.06.01"]
[Round "4"]
[White "Goli"]
[Black "Portola"]
[Result "1/2-1/2"]
[WhiteElo "1800"]
[BlackElo "1737"]
[Opening "French: exchange variation"]
[ECO "C01"]
[Time "13:31:03"]
[PlyCount "119"]
[TimeControl "2700+45"]

1. e4 e6 2. d4 d5 3. exd5 exd5 4. Bd3 Nf6 5. Nc3 Bg4 6. f3 Bh5 7. Bg5 Be7 8.
Nge2 c6 9. Qd2 Bg6 10. Bxg6 hxg6 11. O-O-O Nbd7 12. Rde1 Nf8 13. Kb1 Ne6 14. Be3
Qd7 15. Nc1 O-O-O 16. Nd3 Bd6 17. Ne5 Bxe5 18. dxe5 d4 19. exf6 dxe3 20. Qxe3
Qd4 21. Qxd4 Rxd4 22. fxg7 Nxg7 23. Kc1 Nf5 24. g3 Kc7 25. Ne4 Rc4 26. b3 Rd4
27. Ng5 Rd7 28. c3 b6 29. Rd1 Rxd1+ 30. Rxd1 Rxh2 31. Nxf7 Nxg3 32. Rd2 Rh1+ 33.
Kb2 Nf1 34. Rg2 Rh2 35. Rxh2 Nxh2 36. f4 Nf3 37. Kc2 Ne1+ 38. Kd2 Ng2 39. Kd3
Nxf4+ 40. Ke4 Ne2 41. Kd3 Nf4+ 42. Ke4 Nd5 43. Kd4 a5 44. a3 b5 45. c4 bxc4 46.
Kxc4 Ne7 47. Kc5 Nf5 48. a4 Ne7 49. b4 axb4 50. Kxb4 Kb6 51. Kc4 Ka5 52. Kc5
Kxa4 53. Kd6 Kb3 54. Kxe7 c5 55. Ne5 g5 56. Kf6 g4 57. Nxg4 c4 58. Ke5 Kc2 59.
Ne3+ Kd3 60. Nxc4 {Game drawn because neither player has mating material}
1/2-1/2

[Event "Team 45 45 League T96"]
[Site "Internet Chess Club"]
[Date "2023.06.02"]
[Round "4"]
[White "ElValero"]
[Black "fhunfi"]
[Result "1/2-1/2"]
[WhiteElo "1699"]
[BlackElo "1695"]
[Opening "French: exchange variation"]
[ECO "C01"]
[Time "10:01:18"]
[PlyCount "113"]
[TimeControl "2700+45"]

1. e4 e6 2. d4 d5 3. exd5 exd5 4. c4 Bb4+ 5. Nc3 Ne7 6. Bd3 dxc4 7. Bxc4 O-O 8.
Ne2 c6 9. O-O Nf5 10. Qd3 Be7 11. Rd1 Nd6 12. Bb3 Bf5 13. Qf3 Nd7 14. Bf4 Bg6
15. d5 c5 16. Rac1 Nf6 17. Ng3 a6 18. h4 c4 19. Bxd6 Bxd6 20. Bxc4 Rc8 21. Bb3
h6 22. h5 Bh7 23. Nf5 Bxf5 24. Qxf5 Re8 25. Re1 Qd7 26. Qxd7 Nxd7 27. f3 Nf6 28.
g4 Bg3 29. Rxe8+ Rxe8 30. Bc2 Re1+ 31. Rxe1 Bxe1 32. Ne2 Bb4 33. Be4 Ne8 34. a3
Bc5+ 35. Kf1 Nd6 36. Ke1 Kf8 37. Kd2 Ke7 38. b4 Bb6 39. Nc3 Nc4+ 40. Kd3 Ne5+
41. Kc2 Kd6 42. a4 Be3 43. Kb3 Bf2 44. Ne2 Be3 45. Ng3 g6 46. Kc3 Bf4 47. Ne2
Be3 48. a5 Bf2 49. g5 hxg5 50. h6 f5 51. h7 Nf7 52. Bd3 Be1+ 53. Kc4 Ne5+ 54.
Kb3 Nf7 55. Kc4 Ne5+ 56. Kb3 Nf7 57. Kc4 {Game drawn by repetition} 1/2-1/2

[Event "Team 45 45 League T96"]
[Site "Internet Chess Club"]
[Date "2023.06.04"]
[Round "4"]
[White "Zugzwanged"]
[Black "Kingofknights"]
[Result "1-0"]
[WhiteElo "1618"]
[BlackElo "1555"]
[Opening "Caro-Kann: exchange variation"]
[ECO "B13"]
[Time "11:32:34"]
[PlyCount "57"]
[TimeControl "2700+45"]

1. e4 c6 2. d4 d5 3. exd5 cxd5 4. Bd3 Nc6 5. c3 Qc7 6. Ne2 e5 7. dxe5 Nxe5 8.
Bb5+ Bd7 9. Bxd7+ Qxd7 10. O-O Nf6 11. h3 Bc5 12. Bf4 Nc6 13. Nd2 O-O 14. Nb3
Bb6 15. Qd3 Rfe8 16. Nbd4 Nxd4 17. Nxd4 Re4 18. Be3 Rae8 19. a4 a6 20. a5 Ba7
21. b4 h6 22. Rfb1 Nh5 23. b5 Nf4 24. Bxf4 Bxd4 25. cxd4 Rxf4 26. bxa6 bxa6 27.
Qxa6 Rxd4 28. Qb6 Re6 29. Qxd4 {Black resigns} 1-0

[Event "Team 45 45 League T96"]
[Site "Internet Chess Club"]
[Date "2023.06.02"]
[Round "4"]
[White "burlap"]
[Black "ChessMaine"]
[Result "0-1"]
[WhiteElo "1273"]
[BlackElo "1509"]
[Opening "French defense"]
[ECO "C00"]
[Time "20:00:15"]
[PlyCount "90"]
[TimeControl "2700+45"]

1. e4 e6 2. Nf3 d5 3. d4 dxe4 4. Ng5 Nf6 5. Nc3 Bb4 6. a3 Bxc3+ 7. bxc3 h6 8.
Nh3 O-O 9. Bb5 e5 10. dxe5 Qxd1+ 11. Kxd1 Rd8+ 12. Ke1 Nd5 13. c4 Nc3 14. Bb2
Nxb5 15. cxb5 Bg4 16. Nf4 g5 17. h3 Bf5 18. g4 Bh7 19. Ne2 Nd7 20. Rd1 Nb6 21.
Rd4 Rxd4 22. Bxd4 Nc4 23. Nc3 Nxa3 24. Ke2 Nc4 25. f3 exf3+ 26. Kxf3 Rd8 27. Ne2
Nd2+ 28. Ke3 Nc4+ 29. Kf3 Re8 30. Rc1 Nxe5+ 31. Bxe5 Rxe5 32. Nd4 Be4+ 33. Kf2
c6 34. bxc6 bxc6 35. Re1 Re8 36. c4 Kf8 37. Nf5 Bxf5 38. Rxe8+ Kxe8 39. gxf5 Ke7
40. Ke3 Kd6 41. Kd4 c5+ 42. Kc3 Ke5 43. Kd3 Kxf5 44. Ke3 Ke5 45. Kd3 Kf4 {White
resigns} 0-1

[Event "Team 45 45 League T96"]
[Site "Internet Chess Club"]
[Date "2023.06.06"]
[Round "4"]
[White "Alec-hine"]
[Black "janh"]
[Result "1-0"]
[WhiteElo "1914"]
[BlackElo "1984"]
[Opening "QGD: 4.Nf3"]
[ECO "D37"]
[Time "14:08:35"]
[PlyCount "85"]
[TimeControl "2700+45"]

1. d4 d5 2. c4 e6 3. Nf3 Nf6 4. Nc3 Be7 5. Bg5 h6 6. Bxf6 Bxf6 7. cxd5 exd5 8.
e3 c6 9. Qc2 Bg4 10. Be2 O-O 11. O-O Nd7 12. b4 Rc8 13. Rfc1 Re8 14. Qb3 a6 15.
a4 Nb6 16. Nd2 Bxe2 17. Nxe2 Qd7 18. Nf4 Qd6 19. Nd3 Nd7 20. Nc5 Qc7 21. b5 Nxc5
22. Rxc5 Qa5 23. Qc2 Be7 24. Nb3 Qd8 25. bxc6 Bxc5 26. cxb7 Rc6 27. Nxc5 Qc7 28.
Qb3 Rb8 29. g3 Rxc5 30. dxc5 Qxb7 31. Qxb7 Rxb7 32. Rd1 Rb4 33. Rd4 Rb1+ 34. Kg2
Ra1 35. Kf3 Kf8 36. e4 dxe4+ 37. Kxe4 Ke7 38. c6 Rc1 39. Kd5 Kd8 40. Kd6 Kc8 41.
Re4 Rd1+ 42. Kc5 Rc1+ 43. Kb6 {Black resigns} 1-0

[Event "Team 45 45 League T96"]
[Site "Internet Chess Club"]
[Date "2023.06.02"]
[Round "4"]
[White "JACampbell"]
[Black "julesraider"]
[Result "1-0"]
[WhiteElo "1649"]
[BlackElo "1546"]
[Opening "Caro-Kann: advance variation"]
[ECO "B12"]
[Time "16:02:34"]
[PlyCount "79"]
[TimeControl "2700+45"]

1. e4 c6 2. d4 d5 3. e5 c5 4. c3 Nc6 5. f4 cxd4 6. cxd4 Nh6 7. Nc3 Bg4 8. Be2
Bxe2 9. Ncxe2 e6 10. Nf3 Qa5+ 11. Bd2 Bb4 12. O-O Nf5 13. Bxb4 Qxb4 14. Qd3 O-O
15. g4 Nfe7 16. Ng5 Ng6 17. f5 Qe7 18. h4 h6 19. f6 Qb4 20. Nxe6 Ncxe5 21. Qf5
fxe6 22. Qxe6+ Nf7 23. fxg7 Kxg7 24. Ng3 Qxd4+ 25. Kh1 Qe5 26. Nh5+ Kh7 27.
Rxf7+ Kh8 28. Qxg6 Rxf7 29. Qxf7 Qe4+ 30. Kh2 Qe2+ 31. Kg3 Qe3+ 32. Qf3 Qe5+ 33.
Qf4 Qxb2 34. Qxh6+ Kg8 35. Nf6+ Kf7 36. Qh7+ Kxf6 37. Rf1+ Ke6 38. Qg6+ Kd7 39.
Rf7+ Ke8 40. Qg8# {Black checkmated} 1-0

[Event "Team 45 45 League T96"]
[Site "Internet Chess Club"]
[Date "2023.06.05"]
[Round "4"]
[White "Sandrotov"]
[Black "DaveTheRook"]
[Result "1-0"]
[WhiteElo "1628"]
[BlackElo "1418"]
[Opening "English opening"]
[ECO "A16"]
[Time "18:30:47"]
[PlyCount "81"]
[TimeControl "2700+45"]

1. c4 Nf6 2. Nc3 g6 3. g3 Bg7 4. Bg2 c6 5. e4 d6 6. Nge2 O-O 7. O-O e5 8. h3
Nbd7 9. d3 Re8 10. Be3 Nc5 11. Qd2 Ne6 12. f4 exf4 13. gxf4 Bh6 14. Ng3 Ng7 15.
Kh2 Nfh5 16. Nce2 Qh4 17. Rae1 Bg4 18. Bf2 Bxe2 19. Nxe2 Qf6 20. Bd4 Qh4 21. Rf3
Ne6 22. Be3 c5 23. Ref1 f5 24. exf5 gxf5 25. Ng3 Kh8 26. Nxf5 Qf6 27. Nxh6 Nd4
28. Bxd4 cxd4 29. Ng4 Qf5 30. R3f2 Rab8 31. Be4 Qd7 32. Qa5 Ng7 33. Nf6 Qe7 34.
Nxe8 Rxe8 35. Qd5 Qh4 36. Qxd4 Rf8 37. Qxd6 Rg8 38. Bd5 Nf5 39. Qe5+ Ng7 40.
Bxg8 Kxg8 41. Rg2 {Black resigns} 1-0

[Event "Team 45 45 League T96"]
[Site "Internet Chess Club"]
[Date "2023.06.04"]
[Round "4"]
[White "fileman"]
[Black "room-matt"]
[Result "1/2-1/2"]
[WhiteElo "1775"]
[BlackElo "1773"]
[Opening "Queen's pawn game, Darooha variation "]
[ECO "E06"]
[Time "13:03:46"]
[PlyCount "59"]
[TimeControl "2700+45"]

1. d4 Nf6 2. Nf3 d5 3. g3 e6 4. Bg2 Be7 5. O-O O-O 6. c4 dxc4 7. Qc2 Nbd7 8.
Qxc4 c6 9. Rd1 e5 10. dxe5 Nxe5 11. Rxd8 Nxc4 12. Rxf8+ Kxf8 13. b3 Nd6 14. Nc3
Bf5 15. Nd4 Rd8 16. Bb2 Bg6 17. Rd1 Nde4 18. Nf3 Rxd1+ 19. Nxd1 Bc5 20. Ne5 Bf5
21. e3 Ke7 22. Kf1 Bd6 23. f3 Nc5 24. e4 Be6 25. Ke2 a5 26. Nc4 Bc7 27. Ba3 Nd7
28. Nc3 b5 29. Nxa5 Bxa5 30. b4 {Game drawn by mutual agreement} 1/2-1/2

[Event "Team 45 45 League T96"]
[Site "Internet Chess Club"]
[Date "2023.06.02"]
[Round "4"]
[White "Beetlejuice"]
[Black "Redman1"]
[Result "1/2-1/2"]
[WhiteElo "1690"]
[BlackElo "1543"]
[Opening "Caro-Kann: anti-anti-Caro-Kann defense"]
[ECO "A11"]
[Time "10:00:50"]
[PlyCount "60"]
[TimeControl "2700+45"]

1. c4 c6 2. e4 d5 3. cxd5 cxd5 4. exd5 Nf6 5. Nc3 Nxd5 6. d4 g6 7. Bc4 Nxc3 8.
bxc3 Bg7 9. Nf3 O-O 10. O-O Qc7 11. Qe2 Bg4 12. Ba3 Nc6 13. Bd3 Rfe8 14. h3 Bxf3
15. Qxf3 e5 16. d5 Na5 17. Rab1 b6 18. c4 Nb7 19. Qe3 Rac8 20. Rbc1 Nc5 21. Rfd1
Qd6 22. Bc2 f5 23. Ba4 Rf8 24. f3 f4 25. Qf2 Qf6 26. Bc6 e4 27. Bxc5 bxc5 28.
fxe4 Qd6 29. Qf3 Bd4+ 30. Kf1 Kg7 {Game drawn by mutual agreement} 1/2-1/2

[Event "Team 45 45 League T96"]
[Site "Internet Chess Club"]
[Date "2023.06.01"]
[Round "4"]
[White "Egmont"]
[Black "bobhill"]
[Result "0-1"]
[WhiteElo "1626"]
[BlackElo "1859"]
[Opening "QGD: Tartakower (Makagonov-Bondarevsky) system, 8.cd Nxd5"]
[ECO "D59"]
[Time "09:00:30"]
[PlyCount "84"]
[TimeControl "2700+45"]

1. d4 d5 2. c4 e6 3. Nc3 Be7 4. Nf3 Nf6 5. Bg5 O-O 6. e3 h6 7. Bh4 b6 8. cxd5
Nxd5 9. Bxe7 Nxe7 10. Bd3 Bb7 11. Be4 Nd5 12. Nxd5 Bxd5 13. Bxd5 Qxd5 14. O-O
Nd7 15. Qc2 Rac8 16. b4 Nf6 17. Qa4 Qb7 18. b5 c5 19. Rac1 cxd4 20. Nxd4 Nd5 21.
Qb3 a5 22. a4 Qe7 23. Nc6 Qh4 24. Qc4 Qg5 25. Rc2 Kh8 26. Rfc1 Ne7 27. Qd4 Nf5
28. Qxb6 Nh4 29. f4 Qg4 30. Kh1 Qh5 31. Qc5 Nf5 32. Kg1 Rfd8 33. e4 Rd1+ 34.
Rxd1 Qxd1+ 35. Kf2 Nd4 36. Rb2 Nxc6 37. bxc6 Qxa4 38. c7 Qxe4 39. Rb8 Qxf4+ 40.
Ke2 Rxb8 41. cxb8=Q+ Qxb8 42. Qxa5 Qxh2 {White resigns} 0-1

[Event "Team 45 45 League T96"]
[Site "Internet Chess Club"]
[Date "2023.06.03"]
[Round "4"]
[White "discipulo"]
[Black "LoseOften"]
[Result "1-0"]
[WhiteElo "1753"]
[BlackElo "1649"]
[Opening "English opening"]
[ECO "A20"]
[Time "04:00:12"]
[PlyCount "27"]
[TimeControl "2700+45"]

1. c4 e5 2. g3 Nf6 3. Bg2 d5 4. cxd5 Nxd5 5. Nf3 Nc6 6. O-O f6 7. Nc3 Be6 8. d4
exd4 9. Nxd4 Nxd4 10. Qxd4 Nxc3 11. Qxc3 c6 12. Bf4 Qd7 13. Rad1 Qf7 14. Bxc6+
{Black resigns} 1-0

[Event "Team 45 45 League T96"]
[Site "Internet Chess Club"]
[Date "2023.06.05"]
[Round "4"]
[White "Portola"]
[Black "ElValero"]
[Result "0-1"]
[WhiteElo "1719"]
[BlackElo "1702"]
[Opening "Queen's pawn game, Darooha variation "]
[ECO "D02"]
[Time "12:00:17"]
[PlyCount "70"]
[TimeControl "2700+45"]

1. d4 d5 2. Nf3 Nf6 3. c3 g6 4. Bg5 Bg7 5. Nbd2 O-O 6. e3 Nbd7 7. Bd3 h6 8. Bh4
g5 9. Bg3 Nh5 10. Qc2 Nxg3 11. hxg3 c5 12. dxc5 e5 13. Be2 Nxc5 14. O-O-O Qf6
15. Rdf1 Bf5 16. Qd1 Nd3+ 17. Bxd3 Bxd3 18. Re1 Qa6 19. Qb3 Rfd8 20. a3 Rac8 21.
Qb4 d4 22. Nb1 Bxb1 23. Kxb1 Qd3+ 24. Ka1 dxc3 25. Rc1 cxb2+ 26. Qxb2 Rxc1+ 27.
Rxc1 e4 28. Nd4 Rxd4 29. Ka2 Ra4 30. Qb3 b5 31. Rc8+ Kh7 32. Rc2 Qd1 33. Rb2
Qxb3+ 34. Rxb3 a6 35. Kb1 Bf8 {White resigns} 0-1

[Event "Team 45 45 League T96"]
[Site "Internet Chess Club"]
[Date "2023.06.04"]
[Round "4"]
[White "julesraider"]
[Black "rubo"]
[Result "1/2-1/2"]
[WhiteElo "1544"]
[BlackElo "1496"]
[Opening "QGD Slav defense"]
[ECO "D10"]
[Time "21:00:31"]
[PlyCount "181"]
[TimeControl "2700+45"]

1. d4 c6 2. c4 d5 3. Nc3 Bf5 4. Nf3 e6 5. Qb3 Qb6 6. c5 Qxb3 7. axb3 Na6 8. Na2
Be7 9. e3 Nc7 10. Be2 Nf6 11. O-O O-O 12. Bd2 Ne4 13. Nc3 Bg4 14. Rfd1 b6 15.
cxb6 axb6 16. Be1 Rxa1 17. Rxa1 Ra8 18. Rxa8+ Nxa8 19. Na4 b5 20. Nc3 Bd6 21. h3
Nxc3 22. bxc3 Bxf3 23. Bxf3 Nb6 24. e4 f5 25. exf5 exf5 26. Kf1 Bf4 27. Ke2 Kf7
28. g3 Bh6 29. Kd3 Ke6 30. g4 g6 31. gxf5+ gxf5 32. Bh5 Ke7 33. f3 Bg5 34. Kc2
Kf8 35. Kb2 Be7 36. Bg3 Nd7 37. Be5 Nf6 38. Bxf6 Bxf6 39. Kc2 b4 40. Kd3 bxc3
41. Kxc3 c5 42. f4 Bxd4+ 43. Kd3 Bg7 44. Bf3 d4 45. Kc4 Ke7 46. Kxc5 Kd7 47. b4
Kc7 48. b5 d3 49. b6+ Kb8 50. Kd6 Bd4 51. Ke6 Bxb6 52. Kxf5 Bc7 53. Kg5 h6+ 54.
Kg4 Kc8 55. f5 Kd8 56. Kh5 Bf4 57. Kg6 Ke7 58. h4 Kf8 59. f6 Bg3 60. h5 Bf4 61.
Bd5 d2 62. Bb3 Be3 63. Kf5 Bg5 64. Ke6 Bh4 65. Kf5 Bg5 66. Kg6 Bh4 67. Bd1 Bg5
68. f7 Be3 69. Bb3 Bg5 70. Bc2 Be3 71. Kf6 Bg5+ 72. Ke6 Bh4 73. Bd1 Bg5 74. Bb3
Be3 75. Ke5 Bg5 76. Ke4 Kg7 77. Kd3 Bf4 78. Ke2 Bg5 79. Kd1 Bf4 80. Bc4 Bg5 81.
Ba2 Bf4 82. Ke2 Bg5 83. Bb3 Bf4 84. Kf3 Bg5 85. Kg4 Be7 86. Kf5 Bg5 87. Ke6 Bh4
88. Kd7 Kf8 89. Ke6 Kg7 90. Kf5 Bg5 91. Ke6 {Game drawn by mutual agreement}
1/2-1/2

[Event "Team 45 45 League T96"]
[Site "Internet Chess Club"]
[Date "2023.06.03"]
[Round "4"]
[White "nosir"]
[Black "mongmong"]
[Result "1-0"]
[WhiteElo "1455"]
[BlackElo "1454"]
[Opening "Queen's pawn"]
[ECO "A40"]
[Time "10:04:36"]
[PlyCount "33"]
[TimeControl "2700+45"]

1. d4 e6 2. Bf4 Nf6 3. e3 c5 4. c3 b6 5. Bd3 Bb7 6. Nf3 Be7 7. Nbd2 O-O 8. h4
Nc6 9. Ne5 d6 10. Ng4 Nxg4 11. Qxg4 Bf6 12. Nf3 Qe7 13. Bxh7+ Kxh7 14. Ng5+ Bxg5
15. hxg5+ Kg8 16. Qh5 f5 17. g6 {Black resigns} 1-0

[Event "Team 45 45 League T96"]
[Site "Internet Chess Club"]
[Date "2023.06.03"]
[Round "4"]
[White "Gilguli"]
[Black "g8wrb"]
[Result "1-0"]
[WhiteElo "1461"]
[BlackElo "1278"]
[Opening "French defense"]
[ECO "C00"]
[Time "09:02:12"]
[PlyCount "99"]
[TimeControl "2700+45"]

1. e4 e6 2. Nc3 d5 3. e5 a6 4. f4 Bc5 5. d4 Ba7 6. Nf3 Ne7 7. g3 Nbc6 8. Bg2 Nf5
9. Ne2 Bd7 10. O-O Qe7 11. g4 Nh4 12. c3 Nxg2 13. Kxg2 O-O-O 14. Ng3 f6 15. Re1
fxe5 16. Nxe5 Nxe5 17. Rxe5 c5 18. Qe1 cxd4 19. cxd4 Bxd4 20. Nf5 Qf8 21. Nxd4
Re8 22. Qc3+ Kb8 23. Be3 Rc8 24. Qb3 Qf6 25. Re1 Qg6 26. h3 h5 27. Nxe6 hxg4 28.
Rg5 gxh3+ 29. Kh2 Qc2+ 30. Qxc2 Rxc2+ 31. Kh1 Bxe6 32. Rxg7 Rxb2 33. Re7 Bf5 34.
Bd4 Be4+ 35. R7xe4 dxe4 36. Bxb2 Rc8 37. Be5+ Ka8 38. Re2 Rc4 39. Kh2 b5 40.
Kxh3 a5 41. f5 b4 42. f6 Rc8 43. Kg4 a4 44. Rxe4 Rg8+ 45. Kf5 b3 46. Rxa4+ Kb7
47. axb3 Kc6 48. f7 Rg2 49. f8=Q Rf2+ 50. Bf4 {Black resigns} 1-0

[Event "Team 45 45 League T96"]
[Site "Internet Chess Club"]
[Date "2023.06.01"]
[Round "4"]
[White "elmaestro"]
[Black "fireball"]
[Result "1/2-1/2"]
[WhiteElo "1570"]
[BlackElo "1525"]
[Opening "Queen's pawn: stonewall attack"]
[ECO "A45"]
[Time "20:22:27"]
[PlyCount "109"]
[TimeControl "2700+45"]

1. d4 Nf6 2. e3 d5 3. Bd3 Bg4 4. f3 Bh5 5. Ne2 Nc6 6. c3 e6 7. Ng3 Bg6 8. h4 Bd6
9. f4 Bxd3 10. Qxd3 h5 11. Nd2 Ng4 12. Nf3 f5 13. Ng5 Qd7 14. b4 Nd8 15. a4 Nf7
16. Nf3 a6 17. Bd2 g6 18. Ne2 Nf6 19. c4 dxc4 20. Qxc4 Ne4 21. Nc3 Nxd2 22. Nxd2
Nh6 23. Nf3 Ng4 24. Nd1 Qe7 25. Rb1 O-O 26. Ng5 Rfe8 27. O-O Nf6 28. Nc3 Kg7 29.
Rf3 Nh7 30. Ne2 Nxg5 31. hxg5 Reb8 32. Nc3 b6 33. g3 Qd7 34. e4 b5 35. axb5 axb5
36. Qd3 Qe7 37. exf5 exf5 38. Re3 Qd7 39. d5 Rb7 40. Qd4+ Kh7 41. Rbe1 Qg7 42.
Qxg7+ Kxg7 43. Rb1 Rf8 44. Re6 Rf7 45. Ne2 Re7 46. Nd4 Rxe6 47. Nxe6+ Kg8 48.
Nd8 Rb8 49. Nc6 Ra8 50. Nd4 Rb8 51. Nc6 Ra8 52. Nd4 Rb8 53. Nc6 Ra8 54. Nd4 Rb8
55. Nc6 {Game drawn by repetition} 1/2-1/2

[Event "Team 45 45 League T96"]
[Site "Internet Chess Club"]
[Date "2023.06.01"]
[Round "4"]
[White "vollmerj"]
[Black "burlap"]
[Result "1-0"]
[WhiteElo "1527"]
[BlackElo "1280"]
[Opening "King's Indian: fianchetto, lesser Simagin (Spassky) variation"]
[ECO "E62"]
[Time "20:01:07"]
[PlyCount "87"]
[TimeControl "2700+45"]

1. Nf3 Nf6 2. g3 g6 3. Bg2 Bg7 4. O-O O-O 5. d4 Nc6 6. c4 d6 7. Nc3 Bf5 8. a3
Ne4 9. Nxe4 Bxe4 10. d5 Ne5 11. Nxe5 Bxg2 12. Nxf7 Rxf7 13. Kxg2 Qd7 14. Qd3 Qf5
15. Qxf5 Rxf5 16. Be3 c6 17. dxc6 bxc6 18. Rab1 d5 19. cxd5 cxd5 20. Rfd1 e6 21.
b4 Bf8 22. Rdc1 e5 23. Bc5 Rf7 24. Bxf8 Raxf8 25. f3 e4 26. Rb3 exf3+ 27. exf3
Rd8 28. Rd1 Rfd7 29. Rbd3 d4 30. f4 Kf7 31. Kf3 h5 32. h3 Rc7 33. R1d2 Ke7 34.
Ke4 Rc4 35. Rxd4 Rcxd4+ 36. Rxd4 Rxd4+ 37. Kxd4 Kd6 38. a4 Kc6 39. g4 hxg4 40.
hxg4 Kd6 41. b5 Kc7 42. a5 Kb7 43. Ke5 a6 44. b6 {Black resigns} 1-0

[Event "Team 45 45 League T96"]
[Site "Internet Chess Club"]
[Date "2023.06.04"]
[Round "4"]
[White "jcule"]
[Black "ChessG2011"]
[Result "1-0"]
[WhiteElo "1410"]
[BlackElo "1407"]
[Opening "King's Indian: Torre attack"]
[ECO "A48"]
[Time "13:30:28"]
[PlyCount "87"]
[TimeControl "2700+45"]

1. d4 Nf6 2. Nf3 g6 3. Bg5 Bg7 4. c3 O-O 5. Nbd2 d5 6. Bxf6 Bxf6 7. e4 dxe4 8.
Nxe4 Bg7 9. Bc4 Bg4 10. O-O Qd7 11. Be2 Qf5 12. Nfd2 Bxe2 13. Qxe2 Nc6 14. Rfe1
Qd7 15. Nc5 Qd6 16. Nxb7 Qf4 17. Nc5 e6 18. Rad1 Bh6 19. Nxe6 Rfe8 20. Nxf4 Rxe2
21. Nxe2 Re8 22. Kf1 Rb8 23. Nc4 Bg7 24. Ng3 h5 25. Re2 Kf8 26. Rde1 Bf6 27. Ne4
Be7 28. Nc5 Bxc5 29. dxc5 Rb5 30. b4 a5 31. a3 axb4 32. cxb4 Rb8 33. Ne5 Nxe5
34. Rxe5 c6 35. Re7 Ra8 36. Rc7 Rxa3 37. Rxc6 Rb3 38. Rb6 Rb2 39. g3 Rb3 40. Rb7
Rc3 41. Ree7 Rc4 42. Rxf7+ Ke8 43. Rh7 Kd8 44. Rh8# {Black checkmated} 1-0

[Event "Team 45 45 League T96"]
[Site "Internet Chess Club"]
[Date "2023.06.03"]
[Round "4"]
[White "smsxman"]
[Black "Fulmar"]
[Result "0-1"]
[WhiteElo "1309"]
[BlackElo "1285"]
[Opening "King's pawn opening"]
[ECO "B07"]
[Time "21:00:20"]
[PlyCount "96"]
[TimeControl "2700+45"]

1. e4 d6 2. Nf3 c6 3. Nc3 e5 4. d4 Qc7 5. Bg5 f6 6. Bh4 Be6 7. Be2 Nd7 8. dxe5
dxe5 9. Bg3 O-O-O 10. Bd3 Nh6 11. h3 Nf7 12. O-O Nc5 13. Qe2 Nxd3 14. cxd3 Qd7
15. Rfd1 Bc5 16. a3 h5 17. Bh2 g5 18. d4 Bxd4 19. Nxd4 exd4 20. Na4 Bb3 21. Nc5
Bxd1 22. Rxd1 Qe7 23. b4 Ne5 24. f3 h4 25. f4 Nd7 26. Qg4 Rhe8 27. Rxd4 b6 28.
Nxd7 Rxd7 29. Rxd7 Qxd7 30. Qxd7+ Kxd7 31. e5 fxe5 32. fxe5 Rf8 33. g4 Ke6 34.
Kg2 c5 35. bxc5 bxc5 36. Bg1 c4 37. Bxa7 Ra8 38. Be3 c3 39. Bc1 Rd8 40. Bxg5 c2
41. Kf2 Rd1 42. Ke2 c1=Q 43. Bxc1 Rxc1 44. a4 Rc3 45. a5 Kxe5 46. g5 Kf5 47. a6
Kxg5 48. a7 Ra3 {White resigns} 0-1

[Event "Team 45 45 League T96"]
[Site "Internet Chess Club"]
[Date "2023.06.02"]
[Round "4"]
[White "Lawkeito"]
[Black "Rookmaster"]
[Result "1-0"]
[WhiteElo "1736"]
[BlackElo "1585"]
[Opening "QGD: Janowski variation"]
[ECO "D31"]
[Time "20:04:30"]
[PlyCount "103"]
[TimeControl "2700+45"]

1. d4 d5 2. c4 e6 3. Nc3 a6 4. cxd5 exd5 5. Bf4 Nf6 6. e3 Bd6 7. Bg5 c6 8. Bd3
b5 9. Nge2 Be6 10. O-O Nbd7 11. f3 Qc7 12. Bf4 O-O 13. Bxd6 Qxd6 14. e4 dxe4 15.
fxe4 Qc7 16. Nf4 Bg4 17. Qd2 Nb6 18. h3 Bc8 19. Rae1 Bb7 20. d5 Rad8 21. dxc6
Bxc6 22. e5 Nfd5 23. Ncxd5 Nxd5 24. Qe2 Nxf4 25. Rxf4 g6 26. Rf6 Bb7 27. e6 Qc5+
28. Kh1 Rxd3 29. Qxd3 Qg5 30. Rf2 fxe6 31. Rxf8+ Kxf8 32. Rf1+ Kg8 33. Qe2 Bd5
34. Qf2 Qf5 35. Qxf5 exf5 36. a3 a5 37. Rd1 Bc4 38. Rd7 a4 39. g3 Be2 40. Kg2
Bc4 41. Kf3 Be6 42. Re7 Bc4 43. Kf4 Kf8 44. Rxh7 Bf7 45. Ke5 Kg8 46. Rh4 Kg7 47.
Rd4 Be8 48. h4 Kf7 49. Rd6 Ke7 50. Rb6 Kf7 51. Rb7+ Kg8 52. Rc7 {Black resigns}
1-0